 Dungeon Crawl Stone Soup version 0.31-a0-1-g4198be8af4 (webtiles) character file.

Game seed: 11793508886384548768

3463 bmack86 the Cleaver (level 9, -15/79 HPs)
             Began as a Minotaur Fighter on May 2, 2023.
             Was a Priest of Okawaru.
             Demolished by a white ugly thing (30 damage)
             ... on level 8 of the Dungeon.
             The game lasted 00:18:54 (6136 turns).

bmack86 the Cleaver (Minotaur Fighter)              Turns: 6136, Time: 00:18:55

Health: -15/79     AC: 27    Str: 24    XL:     9   Next: 78%
Magic:  10/11      EV:  8    Int:  7    God:    Okawaru [***...]
Gold:   509        SH: 12    Dex: 11    Spells: 8/8 levels left

rFire   . . .        a - +1 war axe
rCold   . . .        v - +0 kite shield
rNeg    . . .        b - +8 plate armour of Wuhaj {rElec rPois Int+2}
rPois   +            (helmet restricted)
rElec   +            s - +0 cloak
rCorr   .            (no gloves)
SInv    .            f - +1 pair of boots
Will    +....        (no amulet) Stlth
                     c - ring of willpower
HPRegen 0.33/turn    (no ring)
MPRegen 0.12/turn

%: no passive effects
@: heroic, weakened, studying Shields
A: horns 2, retaliatory headbutt
a: Renounce Religion, Heroism


You were on level 8 of the Dungeon.
You worshipped Okawaru.
Okawaru was most pleased with you.
You visited 2 branches of the dungeon, and saw 9 of its levels.
You also visited: Ossuary.

You collected 509 gold pieces.

Inventory:

Hand Weapons
 a - a +1 war axe (weapon)
Missiles
 g - 6 poisoned darts (quivered)
Armour
 b - the +8 plate armour of Wuhaj (worn) {rElec rPois Int+2}
   (You acquired it on level 5 of the Dungeon)

   Int:       It affects your intelligence (+2).
   rElec:     It insulates you from electricity.
   rPois:     It protects you from poison.
 f - a +1 pair of boots (worn)
 s - a +0 cloak (worn)
 u - a +0 plate armour
 v - a +0 kite shield (worn)
Jewellery
 c - a ring of willpower (left hand)
Wands
 m - a wand of roots (23)
 r - a wand of paralysis (13)
 t - a wand of digging (4)
Scrolls
 l - a scroll of blinking {unknown}
 o - 2 scrolls of identify
 p - 3 scrolls of summoning {unknown}
 q - a scroll of torment {unknown}
 w - 3 scrolls of teleportation
Potions
 d - 3 potions of might
 e - 5 potions of heal wounds
 h - 3 potions of brilliance
 i - a potion of haste
 k - 2 potions of lignification
 n - 4 potions of curing
 x - a potion of flight


   Skills:
 + Level 7.6(12.6) Fighting
 * Level 9.7(14.7) Axes
 + Level 4.1(9.1) Throwing
 + Level 7.5(12.5) Armour
 + Level 8.1(13.1) Shields
 + Level 4.6 Invocations


You had 8 spell levels left.
You didn't know any spells.
Your spell library contained the following spells:

 Spells                   Type           Power      Damage    Failure   Level
 Freeze                   Ice            0%         1d3       100%        1
 Kiss of Death            Conj/Necr      0%         2d5       100%        1
 Poisonous Vapours        Pois/Air       0%         N/A       100%        2
 Sublimation of Blood     Necr           0%         N/A       100%        2
 Confusing Touch          Hex            0%         N/A       100%        3
 Frozen Ramparts          Ice            0%         1d1       100%        3
 Hailstorm                Conj/Ice       0%         3d3       100%        3
 Mephitic Cloud           Conj/Pois/Air  0%         N/A       100%        3
 Volatile Blastmotes      Fire/Tloc      0%         2d10      100%        3
 Dispel Undead            Necr           0%         3d6       100%        4
 Fulminant Prism          Conj/Hex       0%         3d5       100%        4
 Iskenderun's Mystic Bla  Conj/Tloc      0%         2d3       100%        4
 Petrify                  Tmut/Erth      0%         N/A       100%        4
 Freezing Cloud           Conj/Ice/Air   0%         6-21      100%        5
 Irradiate                Conj/Tmut      0%         3d11      100%        5
 Lee's Rapid Deconstruct  Erth           0%         3d4*      100%        5


Dungeon Overview and Level Annotations

Branches:
Dungeon (8/15)             Temple (1/1) D:5            Lair (0/5) D:8
Ossuary (visited)

Altars:
Ashenzari
Cheibriados
Dithmenos
Elyvilon
Fedhas
Gozag
Hepliaklqana
Kikubaaqudgha
Nemelex Xobeh
Okawaru
Qazlal
Ru
Sif Muna
Trog
Uskayaw
Vehumet
Wu Jian
Xom
Zin


Innate Abilities, Weirdness & Mutations

You have a pair of horns on your head.
You reflexively headbutt those who attack you in melee.


Message History

Found a quarterstaff.
Found a potion of attraction.
A gnoll bouda and a white ugly thing come into view.
The gnoll bouda shouts!
The white ugly thing gurgles horribly!
You gain the combat prowess of a mighty hero.
The white ugly thing barely misses you.
You barely miss the white ugly thing. You headbutt the white ugly thing!
The white ugly thing is lightly wounded.
The gnoll bouda gazes fiercely through you!
You feel your attacks grow feeble.
The white ugly thing closely misses you.
You furiously retaliate!
You headbutt the white ugly thing! You slash the white ugly thing!
The white ugly thing is heavily wounded.
The white ugly thing gores you! The white ugly thing freezes you!!
You barely miss the white ugly thing. You headbutt the white ugly thing.
The white ugly thing is heavily wounded.
The gnoll bouda gazes fiercely through you!
You feel as though you will be weak longer.
You block the white ugly thing's attack.
You barely miss the white ugly thing. You headbutt the white ugly thing!
The white ugly thing is severely wounded.
You hit the white ugly thing but do no damage.
The white ugly thing is severely wounded.
You hit the gnoll bouda but do no damage.
You block the white ugly thing's attack.
You block the gnoll bouda's attack.
You slash the gnoll bouda!
The gnoll bouda is heavily wounded.
You closely miss the white ugly thing. The white ugly thing gores you.
The white ugly thing freezes you!!
* * * LOW HITPOINT WARNING * * *
You block the gnoll bouda's attack.
Unknown command.
You barely miss the white ugly thing. You headbutt the white ugly thing!
The white ugly thing is severely wounded.
You hit the gnoll bouda. The white ugly thing gores you.
* * * LOW HITPOINT WARNING * * *
The white ugly thing freezes you!!
You die...

,,** **,,** #...## **.. ,**
**,,** ##..## **,,* ** **,,,*
##..## **,,,* * **,,,** ##..##
**,,,** * **,,,** ##...# **,,,**
***,,,,* ###...## **,,,,*
**,,,,,** ##.....# **,,,,**
*,,,,,,* ###.....## ***,,,,,* **
,,,,,,,**#.....g@# ***,,,,,,,***,
,,,,,,,,.$......u#**,,,,,,,,,,,,,
,,,,,,,,...........,,,,,,,,,,,,,,
********############*************


You could see a white ugly thing and a gnoll bouda.

Vanquished Creatures
  Pikel (D:6)
  Joseph (D:7)
  A kobold demonologist (D:6)
  Sigmund (D:6)
  A water moccasin (D:8)
  A hornet zombie (D:7)
  2 black bears
  2 ice beasts
  A sky beast (D:7)
  A centaur (D:7)
  2 lemures (D:6)
  A kobold brigand (D:6)
  A bullfrog (D:6)
  2 elf zombies (Ossuary)
  4 scorpions
  A wight (D:7)
  A water moccasin zombie (D:7)
  4 killer bees (D:8)
  5 hounds
  2 orc priests
  2 human zombies (Ossuary)
  A jelly (D:6)
  3 iguanas
  Jessica (D:2)
  3 orc wizards
  Ijyb (D:3)
  A killer bee zombie (D:7)
  2 mummies (Ossuary)
  A howler monkey zombie (D:7)
  11 adders
  A white imp (D:6)
  An ufetubus (D:4)
  4 worms
  3 dart slugs
  10 orcs
  8 endoplasms
  A giant cockroach (D:1)
  10 goblins
  11 hobgoblins
  11 kobolds
  6 ball pythons
  2 bats
  4 frilled lizards
  7 hobgoblin zombies (Ossuary)
  A jackal zombie (Ossuary)
  10 kobold zombies (Ossuary)
  13 orc zombies (Ossuary)
  2 rats
  2 rat zombies (Ossuary)
168 creatures vanquished.

Vanquished Creatures (others)
  A fungus (D:3)
  3 plants (D:3)
4 creatures vanquished.

Grand Total: 172 creatures vanquished

Notes
Turn   | Place    | Note
-------+----------+-------------------------------------------
     0 | D:1      | bmack86 the Minotaur Fighter began the quest for the Orb.
     0 | D:1      | Reached XP level 1. HP: 19/19 MP: 0/0
   139 | D:1      | Reached XP level 2. HP: 27/27 MP: 1/1
   188 | D:1      | Reached skill level 3 in Axes
   587 | D:1      | Reached XP level 3. HP: 33/33 MP: 2/2
   953 | D:2      | Noticed Jessica
   959 | D:2      | Killed Jessica
   960 | D:2      | Reached XP level 4. HP: 33/40 MP: 3/3
  1185 | D:2      | Reached skill level 4 in Axes
  1455 | D:3      | Noticed Ijyb
  1465 | D:3      | Killed Ijyb
  1474 | D:3      | Reached XP level 5. HP: 19/47 MP: 4/4
  1602 | D:3      | Found a faded altar of an unknown god.
  1693 | D:3      | Noticed a fire elemental
  1695 | D:3      | Found a stormy altar of Qazlal.
  1698 | D:3      | Noticed an air elemental
  1698 | D:3      | Noticed a water elemental
  3129 | D:4      | Reached skill level 5 in Axes
  3129 | D:4      | Reached XP level 6. HP: 55/55 MP: 5/5
  3322 | D:5      | Entered Level 5 of the Dungeon
  3323 | D:5      | Identified a scroll of acquirement
  3323 | D:5      | Acquired the +8 plate armour of Wuhaj {rElec rPois Int+2}
  3361 | D:5      | Found a staircase to the Ecumenical Temple.
  3375 | Temple   | Entered the Ecumenical Temple
  3384 | Temple   | Became a worshipper of Warmaster Okawaru
  3495 | D:5      | Found a shadowy altar of Dithmenos.
  3620 | D:5      | Reached skill level 5 in Fighting
  3620 | D:5      | Reached skill level 5 in Armour
  3649 | D:5      | Reached skill level 5 in Shields
  4160 | D:6      | Noticed an ice beast
  4175 | D:5      | Killed an ice beast
  4176 | D:5      | Reached skill level 1 in Invocations
  4229 | D:5      | Reached * piety under Okawaru
  4230 | D:5      | Reached skill level 6 in Axes
  4230 | D:5      | Reached XP level 7. HP: 58/61 MP: 5/7
  4369 | D:6      | Noticed Pikel
  4377 | D:6      | Paralysed by Pikel for 4 turns
  4385 | D:6      | Killed Pikel
  4386 | D:6      | Reached skill level 7 in Axes
  4386 | D:6      | Reached skill level 1 in Throwing
  4386 | D:6      | Reached XP level 8. HP: 30/70 MP: 5/8
  4729 | D:6      | Reached ** piety under Okawaru
  4787 | D:6      | Noticed Sigmund
  4791 | D:6      | Noticed a kobold demonologist
  4806 | D:6      | Noticed a red devil
  4807 | D:6      | Killed Sigmund
  4808 | D:6      | Killed a kobold demonologist
  4809 | D:6      | Reached skill level 8 in Axes
  5046 | D:7      | Reached XP level 9. HP: 60/78 MP: 10/10
  5064 | D:7      | Reached *** piety under Okawaru
  5107 | D:7      | Acquired a manual of Shields
  5166 | D:7      | Found a shimmering blue altar of Sif Muna.
  5256 | D:7      | Found a sparkling altar of Nemelex Xobeh.
  5279 | D:7      | Reached skill level 9 in Axes
  5329 | D:7      | Noticed Joseph
  5349 | D:7      | Killed Joseph
  5537 | D:7      | Found an ancient bone altar of Kikubaaqudgha.
  5691 | D:8      | Found a blossoming altar of Fedhas.
  5692 | D:8      | Found a broken altar of Ashenzari.
  5699 | D:8      | Found a sand-covered staircase.
  5729 | Ossuary  | Entered an ossuary
  6127 | D:8      | Noticed a white ugly thing
  6136 | D:8      | Demolished by a white ugly thing

Illustrated notes

Levels and vault maps discovered:
D:1:      dpeg_arrival_round_b, layout_basic, minmay_surrounded
D:2:      minmay_wonky_spiral, layout_basic, chequers_serial_rivers_small_b,
          uniq_jessica
D:3:      layout_basic, nicolae_qazlal_style_of_elements,
          dreamdust_ecumenical_altar_grove, uniq_ijyb
D:4:      layout_loops_ring, serial_co_window_serial, co_window_paths_b,
          co_window_corner_a, co_window_corner_a, co_window_of_opportunity_a,
          co_window_paths_a, co_window_of_opportunity_a, co_window_paths_a,
          co_window_broadway_b, co_window_corner_ca, co_window_cross_3,
          co_window_paths_d, co_window_4corner_a, minmay_misc_feat_nine_boxes,
          kennysheep_generic_room_4
D:5:      layout_basic, nicolae_dithmenos_through_a_glass_darkly,
          minmay_temple_entry_waves, minmay_holes, nicolae_underground_beach
D:6:      layout_rooms, serial_corexii_hall, chequers_hall_statues_y,
          corexii_hall_statues_deadend, uniq_pikel, uniq_sigmund
D:7:      layout_cave_pools, general_overflow_altar,
          nicolae_kikubaaqudgha_miasma_corner, mainiacjoe_overflow_chevrons,
          serial_undead, serial_undead_e, serial_undead_c, serial_undead_f,
          serial_undead_a, uniq_joseph
D:8:      minmay_thick_lines, layout_rooms,
          chequers_temple_overflow_statue_of_worship, david_lair_shrubbed,
          enter_ossuary_1
Temple:   hellmonk_temple_two_chambers

Skill      XL: |  1  2  3  4  5  6  7  8  9 |
---------------+----------------------------+-----
Axes           | 3 4 5 6 7 8 9 |  9.7
Fighting       | 4 5 6 7 |  7.6
Armour         | 4 5 6 7 |  7.5
Shields        | 4 5 6 8 |  8.1
Invocations    | 1 2 3 4 |  4.6
Throwing       | 1 2 4 |  4.1

Action                     |  1- 3 |  4- 6 |  7- 9 || total
---------------------------+-------+-------+-------++-------
  Melee: War axe           |    74 |   121 |   239 ||   434
         Headbutt          |     7 |    13 |    43 ||    63
  Throw: Dart              |       |       |     7 ||     7
 Invoke: Heroism           |       |       |     4 ||     4
    Use: Scroll            |       |    18 |     3 ||    21
 Armour: Scale mail        |    49 |    28 |       ||    77
         Plate armour      |       |    58 |   184 ||   242
  Dodge: Dodged            |    42 |    43 |    51 ||   136
  Block: Buckler           |    22 |    13 |       ||    35
         Kite shield       |       |    27 |   139 ||   166

Table legend: (Time is in decaauts)
 A = Elapsed time spent in this place.
 B = Non-inter-level travel time spent in this place.
 C = Inter-level travel time spent in this place.
 D = Time resting spent in this place.
 E = Time spent auto-exploring this place.
 F = Levels seen in this place.
 G = Mean time per level.
                   A        B        C        D        E       F      G
               +--------+--------+--------+--------+--------+-----+--------+
         Total |   6237 |   6079 |    158 |     89 |   4123 |  10 |  623.7 |
       Dungeon |   5969 |   5811 |    158 |     89 |   4111 |   8 |  746.1 |
        Temple |     22 |     22 |      0 |      0 |      0 |   1 |   22.0 |
       Ossuary |    245 |    245 |      0 |      0 |     12 |   1 |  245.0 |
               +--------+--------+--------+--------+--------+-----+--------+

Top non-repeatable levels by time:
     D:4: 1129 daAuts
     D:5: 925 daAuts
     D:3: 816 daAuts
     D:6: 791 daAuts
     D:1: 759 daAuts
     D:2: 671 daAuts
     D:7: 601 daAuts
     D:8: 273 daAuts
 Ossuary: 245 daAuts
  Temple: 22 daAuts
